 Dungeon Crawl Stone Soup version 0.31-a0-219-g8d62b2e7bb (webtiles) character file.

Game seed: 16033080645053505657

114 qw the Shooter (level 4, -2/26 HPs)
             Began as a Gargoyle Hexslinger on July 3, 2023.
             Slain by an ogre
             ... wielding a +0 giant spiked club
              (10 damage)
             ... on level 4 of the Dungeon.
             The game lasted 00:01:00 (2223 turns).

qw the Shooter (Gargoyle Hexslinger)                Turns: 2223, Time: 00:01:01

Health: -2/26      AC: 10    Str: 12    XL:     4   Next: 98%
Magic:  5/5        EV: 10    Int: 13    God:
Gold:   166        SH:  5    Dex: 14    Spells: 4/5 levels left

rFire   . . .        Y - +1 sling
rCold   . . .        (no shield)
rNeg    + . .        h - +1 ring mail {rPois}
rPois   inf          (no helmet)
rElec   +            a - +0 cloak
rCorr   .            (no gloves)
SInv    .            (no boots)
Will    .....        d - amulet of reflection
Stlth   +            (no ring)
HPRegen 0.24/turn    (no ring)
MPRegen 0.09/turn

%: reflection
@: no status effects
A: sickness immunity, AC +3, negative energy resistance 1, electricity
resistance, torment resistance 1, petrification resistance
a: no special abilities


You were on level 4 of the Dungeon.
You visited 1 branch of the dungeon, and saw 4 of its levels.

You collected 166 gold pieces.


Innate Abilities, Weirdness & Mutations

You are immune to sickness and miasma.
Your stone body is resilient. (AC +3)
You are immune to poison.
You resist negative energy. (rN+)
You are resistant to electric shocks. (rElec)
You are resistant to unholy torment.
You are immune to petrification.


   Skills:
 - Level 2.0 Fighting
 + Level 4.4 Ranged Weapons
 - Level 1.1 Armour
 - Level 1.5 Dodging
 - Level 1.0 Spellcasting
 - Level 2.6 Hexes


You had 4 spell levels left.
You knew the following spells:

 Your Spells              Type           Power      Damage    Failure   Level
a - Slow                  Hex            28%        N/A       22%         1

Your spell library contained the following spells:

 Spells                   Type           Power      Damage    Failure   Level
 Inner Flame              Hex/Fire       4%         N/A       73%         3
 Portal Projectile        Hex/Tloc       8%         N/A       73%         3
 Cause Fear               Hex            3%         N/A       91%         4

Inventory:

Hand Weapons
 Y - a +1 sling (weapon)
Armour
 a - a +0 cloak (worn)
 h - a +1 ring mail of poison resistance (worn)
Jewellery
 d - an amulet of reflection (around neck)
 g - a ring of fire
Scrolls
 c - a scroll of identify
Potions
 f - a potion of enlightenment {unknown}
 j - 2 potions of curing {unknown}

Dungeon Overview and Level Annotations

Branches:
Dungeon (4/15)
 Temple: D:4-7

Altars:

Shops:
D:1 =


Message History

HP restored.
Found a robe.
You now have 166 gold pieces (gained 11).
Enter note: An orc comes into view. It is wielding a +0 hand axe.
The orc shouts!
An orc comes into view. It is wielding a +0 short sword.
An orc comes into view. It is wielding a +2 flail of draining.
Enter note:
Enter note: You shoot a sling bullet.
The orc shouts! x2
The sling bullet hits the orc!
You kill the orc!
An ogre comes into view. It is wielding a +0 giant spiked club.
You shoot a sling bullet. The ogre shouts!
The sling bullet hits the orc!
You kill the orc!
You hear a shout!
You shoot a sling bullet.
The sling bullet barely misses the ogre.
You shoot a sling bullet. The sling bullet hits the ogre.
The ogre is lightly wounded.
An orc comes into view. It is wielding a +0 trident.
You shoot a sling bullet. The sling bullet hits the ogre!
The ogre is moderately wounded.
You shoot a sling bullet. The sling bullet hits the ogre.
The ogre is moderately wounded.
The orc barely misses you. The ogre barely misses you.
You shoot a sling bullet. The sling bullet hits the ogre!
The ogre is heavily wounded.
You block the orc's attack.
The ogre hits you with a +0 giant spiked club!!
Ouch! That really hurt!
You shoot a sling bullet. The sling bullet hits the ogre.
The ogre is severely wounded.
The orc hits you but does no damage.
The ogre hits you with a +0 giant spiked club!
You die...

....................
#....#..##........##.
#....#............[..
....................
.................#
................##
................## #
.................###....
................@Oo.....
....#..)........o....###
##..####..........###.".
#### #............ ..
#..............
##...........#..
#............))
..............


You could see an ogre and 2 orcs.

Vanquished Creatures
  3 adders
  2 worms
  A dart slug (D:2)
  5 orcs
  8 ball pythons
  10 endoplasms
  3 giant cockroaches
  3 goblins
  7 hobgoblins
  4 jackals (D:1)
  6 kobolds
  A quokka (D:2)
  4 bats
  5 frilled lizards
  8 rats
70 creatures vanquished.

Notes
Turn   | Place    | Note
-------+----------+-------------------------------------------
     0 | D:1      | qw the Gargoyle Hexslinger began the quest for the Orb.
     0 | D:1      | Reached XP level 1. HP: 12/12 MP: 2/2
     0 | D:1      | 0 ||| qw: Version: 0.3-a-40-ge99b1a8
     0 | D:1      | 0 ||| qw: Game counter: 402
     0 | D:1      | 0 ||| qw: Melee chars always use a shield: true
     0 | D:1      | 0 ||| qw: God list: Okawaru
     0 | D:1      | 0 ||| qw: Allow faded altars: false
     0 | D:1      | 0 ||| qw: Do Orc after clearing Dungeon:15 true
     0 | D:1      | 0 ||| qw: Do second Lair branch before Depths: true
     0 | D:1      | 0 ||| qw: Lair rune preference: random
     0 | D:1      | 0 ||| qw: Goals: Normal
     0 | D:1      | 0 ||| PLANNING D:1-11
    95 | D:1      | Found Mouceor's Jewellery Shoppe.
   117 | D:1      | 117 ||| SHOPLISTING +4 ring of protection (504 gold, have
                  | 34).
   117 | D:1      | 117 ||| SHOPLISTING +6 ring of strength (504 gold, have
                  | 34).
   117 | D:1      | 117 ||| SHOPLISTING amulet of the acrobat (420 gold, have
                  | 34).
   117 | D:1      | 117 ||| SHOPLISTING ring of protection from fire (350 gold,
                  | have 34).
   117 | D:1      | 117 ||| SHOPLISTING ring of see invisible (210 gold, have
                  | 34).
   117 | D:1      | 117 ||| SHOPLISTING ring of willpower (350 gold, have 34).
   176 | D:1      | Reached XP level 2. HP: 16/16 MP: 3/3
   537 | D:1      | Reached skill level 3 in Ranged Weapons
   802 | D:1      | 802 ||| UPGRADING to +0 leather armour.
   812 | D:1      | 812 ||| DROPPING +0 robe.
   813 | D:1      | 813 ||| READING scroll labelled BIBRAI XEL GEMMY.
   814 | D:1      | 814 ||| READING 2 scrolls labelled JUGO VUSMULU.
   815 | D:1      | 815 ||| READING scroll labelled NIPATO ELUSINU.
   816 | D:1      | 816 ||| READING scroll labelled KOGINE HASILYQ.
   820 | D:1      | 820 ||| DROPPING scroll of poison.
   821 | D:1      | 821 ||| DROPPING scroll of vulnerability.
   839 | D:2      | 839 ||| STAIRDANCE
   844 | D:1      | Reached XP level 3. HP: 16/21 MP: 4/4
   904 | D:2      | Found a faded altar of an unknown god.
  1066 | D:2      | Reached XP level 4. HP: 26/26 MP: 5/5
  1137 | D:2      | Reached skill level 4 in Ranged Weapons
  1420 | D:2      | 1420 ||| UPGRADING to +0 cloak.
  1425 | D:2      | 1425 ||| UPGRADING to +0 ring mail.
  1435 | D:2      | 1435 ||| DROPPING +0 leather armour.
  1436 | D:2      | 1436 ||| UPGRADING to +1 ring mail of poison resistance.
  1446 | D:2      | 1446 ||| DROPPING +0 ring mail.
  1447 | D:2      | 1447 ||| READING 4 scrolls labelled ZATRIU PUV OTH.
  1448 | D:2      | 1448 ||| READING scroll labelled AWNARAU GINA.
  1449 | D:2      | 1449 ||| DROPPING 3 scrolls of blinking.
  1470 | D:3      | 1470 ||| STAIRDANCE
  1494 | D:3      | 1494 ||| STAIRDANCE
  1500 | D:2      | Reached skill level 1 in Armour
  2088 | D:3      | 2088 ||| UPGRADING to amulet of reflection.
  2093 | D:3      | 2093 ||| DROPPING amulet of magic regeneration.
  2094 | D:3      | 2094 ||| READING scroll labelled OJA REANUOSIEPH.
  2095 | D:3      | 2095 ||| READING 3 scrolls of identify.
  2095 | D:3      | 2095 ||| IDENTIFYING red potion
  2096 | D:3      | 2096 ||| READING 2 scrolls of identify.
  2096 | D:3      | 2096 ||| IDENTIFYING emerald potion
  2097 | D:3      | 2097 ||| DROPPING potion of brilliance.
  2098 | D:3      | 2098 ||| DROPPING potion of magic.
  2216 | D:4      | Noticed an ogre
  2223 | D:4      | Slain by an ogre

Levels and vault maps discovered:
D:1:      elethiomel_arrival_infinity_welcomes_careful_drivers,
          layout_loops_ring, serial_shops, shop
D:2:      layout_basic, hellmonk_ecumenical_altar_heavens_door
D:3:      layout_loops_cross
D:4:      layout_cave_pools, uniq_grinder

Skill      XL: |  1  2  3  4 |
---------------+-------------+-----
Ranged Weapons | 3 4 |  4.4
Fighting       | 2 |  2.0
Armour         | 1 |  1.1
Dodging        | |  1.5
Spellcasting   | |  1.0
Hexes          | |  2.6

Action                     |  1- 3 |  4- 6 || total
---------------------------+-------+-------++-------
   Fire: Sling             |   114 |   126 ||   240
    Use: Scroll            |     4 |     5 ||     9
 Armour: Robe              |    11 |       ||    11
         Leather armour    |    19 |       ||    19
         Ring mail         |       |    34 ||    34
  Dodge: Dodged            |    52 |    45 ||    97
  Block: Other             |       |     5 ||     5

Table legend:
 A = Non-vault XP
 B = Vault XP
 C = Vault XP percentage of total XP
 D = Non-vault monster count
 E = Vault monster count
 F = Vault count percentage of total count
                 A         B        C        D         E       F
            +---------+---------+-------+---------+---------+-------
      Total |     164 |       0 |   0.0 |      70 |       0 |   0.0
            +---------+---------+-------+---------+---------+-------
        D:1 |      48 |       0 |   0.0 |      21 |       0 |   0.0
        D:2 |      74 |       0 |   0.0 |      28 |       0 |   0.0
        D:3 |      29 |       0 |   0.0 |      15 |       0 |   0.0
        D:4 |      13 |       0 |   0.0 |       6 |       0 |   0.0
            +---------+---------+-------+---------+---------+-------
